 Dungeon Crawl Stone Soup version 0.30-a0-358-g0d69a1922f (webtiles) character file.

Game seed: 16841632209778832819

1448 Lobster4 the Stinger (level 8, -2/57 (60) HPs)
             Began as a Merfolk Venom Mage on Nov 8, 2022.
             Slain by a wight
             ... wielding a +0 great sword
              (6 damage)
             ... on level 5 of the Dungeon.
             The game lasted 00:31:06 (7270 turns).

Lobster4 the Stinger (Merfolk Venom Mage)           Turns: 7270, Time: 00:31:07

HP:   -2/57 (60)    AC: -3    Str:  8    XL:     8   Next: 75%
MP:   13/13         EV: 12    Int: 17    God:
Gold: 296           SH:  0    Dex: 14    Spells: 3/14 levels left

rFire   + . .      SeeInvis .    a - +1 spear (flame)
rCold   . . .      Faith    .    (no shield)
rNeg    . . .      Spirit   .    D - +0 leather armour
rPois   .          Reflect  .    (no helmet)
rElec   .          Harm     .    (no cloak)
rCorr   +          Rampage  .    (no gloves)
Will    .....                    r - +0 pair of boots
Stlth   ++........               (no amulet)
HPRegen 0.29/turn                h - ring of protection from fire
MPRegen 0.13/turn                t - ring of resist corrosion

@: corroded, drained
A: (nimble swimmer 2), mertail
a: no special abilities


You were on level 5 of the Dungeon.
You visited 1 branch of the dungeon, and saw 6 of its levels.

You collected 296 gold pieces.

Inventory:

Hand Weapons
 a - a +1 spear of flaming (weapon)
 b - a +0 sling
 e - a +2 dagger of draining
 u - a +0 short sword
 v - a +1 trident of venom
 y - a +0 falchion
 B - a +0 trident
Missiles
 f - 6 javelins
 k - 5 poisoned darts
 w - 2 boomerangs
 x - 5 curare-tipped darts
Armour
 g - a +0 robe
 o - a +0 ring mail
 r - a +0 pair of boots (worn)
 z - a +0 kite shield
 D - a +0 leather armour (worn)
Jewellery
 c - a ring of willpower
 d - a ring of see invisible
 h - a ring of protection from fire (left hand)
 m - a +6 ring of strength
 q - a ring of protection from fire
 t - a ring of resist corrosion (right hand)
Wands
 n - a wand of polymorph (2)
 C - a wand of acid (4)
Scrolls
 j - 2 scrolls of magic mapping
 l - a scroll of enchant weapon
Potions
 i - 3 potions of haste {unknown}
 p - 2 potions of heal wounds
 s - a potion of mutation {unknown}
 A - a potion of invisibility {unknown}
 E - a potion of attraction {unknown}


   Skills:
 + Level 4.1 Fighting
 - Level 2.0 Long Blades
 + Level 3.4 Polearms
 - Level 1.0 Ranged Weapons
 - Level 1.0 Throwing
 + Level 2.5 Armour
 + Level 4.0 Dodging
 - Level 3.0 Stealth
 + Level 0.2 Shields
 + Level 3.9 Spellcasting
 + Level 1.7 Conjurations
 - Level 3.0 Transmutations
 + Level 2.0 Air Magic
 + Level 0.0 Earth Magic
 + Level 5.7 Poison Magic
 + Level 1.3 Evocations


You had 3 spell levels left.
You knew the following spells:

 Your Spells              Type           Power      Damage    Failure   Level
a - Sting                 Tmut/Pois      72%        1d6       3%          1
b - Poisonous Vapours     Pois/Air       32%        N/A       7%          2
c - Mephitic Cloud        Conj/Pois/Air  14%        N/A       19%         3
d - Sandblast             Erth           6%         2d5       22%         1
e - Olgreb's Toxic Radia  Pois           22%        N/A       22%         4

Your spell library contained the following spells:

 Spells                   Type           Power      Damage    Failure   Level
 Passwall                 Tmut/Erth      6%         N/A       19%         2
 Apportation              Tloc           6%         N/A       22%         1
 Stone Arrow              Conj/Erth      12%        3d7       43%         3
 Alistair's Intoxication  Tmut/Pois      12%        N/A       71%         5
 Freezing Cloud           Conj/Ice/Air   3%         6-21      98%         5
 Simulacrum               Ice/Necr       1%         N/A       100%        6
 Polar Vortex             Ice            1%         N/A       100%        9


Dungeon Overview and Level Annotations

Branches:
Dungeon (6/15)
 Temple: D:4-7

Altars:
Fedhas
Nemelex Xobeh
Okawaru

Shops:
D:3 (?*(

Annotations:
D:3 Grinder


Innate Abilities, Weirdness & Mutations

((You are very nimble when in or above water. (Stealth+, EV+, Speed+++)))
Your lower body shifts to a powerful aquatic tail in water.


Message History

Aiming: Throw Flame
Press: ? - help, Shift-Dir - straight line, f/p - wight
Aim: a wight, wielding a +0 great sword, wearing a +0 robe and carrying a wand of acid (5) (lightly damaged, 68% to hit)
The puff of flame misses the wight.
Aiming: Throw Flame
Press: ? - help, Shift-Dir - straight line, f/p - wight
Aim: a wight, wielding a +0 great sword, wearing a +0 robe and carrying a wand of acid (5) (lightly damaged, 68% to hit)
The puff of flame hits the wight.
The wight is moderately damaged.
The now-empty wand crumbles to dust.
Press: ? - help, v - describe, . - travel
Here: a wight, wielding a +0 great sword, wearing a +0 robe and carrying a wand of acid (5) (moderately damaged)
The floor.
You reach to attack!
You barely miss the wight.
The wight is moderately damaged.
The wight zaps a wand.
The bolt of acid hits you! You resist.
You climb upwards.
There is a stone staircase leading down here.
You closely miss the wight.
The wight is moderately damaged.
The wight barely misses you.
You hit the wight but do no damage.
The wight is moderately damaged.
The wight zaps a wand.
The bolt of acid hits you. You resist. The acid corrodes you!
Okay, then.
Okay, then.
You hit the wight but do no damage.
The wight is moderately damaged.
The wight hits you with a +0 great sword!
You hit the wight but do no damage.
The wight is moderately damaged.
The wight zaps a wand.
The bolt of acid hits you! You resist. The acid corrodes you!
You hit the wight but do no damage.
The wight is moderately damaged.
The wight hits you with a +0 great sword!!
* * * LOW HITPOINT WARNING * * *
You feel drained.
You die...

.....#...#.................######
.....#.).#.................##...#
.....#...#>........).............
.....'...#.......................
#.####...###..##...##...........)
######...###..##...##............
#..............................
#............z.................
#.............@..##......######
##......##.......##########...#
#########.......##......#.....
#................#.....
#................#.....
#................#.....
#...............)#.....
#................'.....
#................#.....


You could see a wight.

Vanquished Creatures
  Pikel (D:4)
  A wyvern (D:5)
  A gnoll sergeant (D:5)
  A necrophage (D:5)
  2 scorpions
  A jelly (D:5)
  An orc priest (D:5)
  4 hounds (D:5)
  3 iguanas
  4 orc wizards
  9 gnolls
  6 adders
  A worm (D:5)
  2 dart slugs
  15 orcs
  6 ball pythons
  5 endoplasms
  2 giant cockroaches (D:4)
  7 goblins
  6 hobgoblins
  2 jackals (D:4)
  11 kobolds
  A quokka (D:2)
  8 bats
  4 frilled lizards
  4 rats
108 creatures vanquished.

Vanquished Creatures (others)
  69 plants
69 creatures vanquished.

Grand Total: 177 creatures vanquished

Notes
Turn   | Place    | Note
-------+----------+-------------------------------------------
     0 | D:1      | Lobster4 the Merfolk Venom Mage began the quest for the
                  | Orb.
     0 | D:1      | Reached XP level 1. HP: 13/13 MP: 3/3
   213 | D:1      | Reached XP level 2. HP: 19/19 MP: 3/5
   251 | D:1      | Learned a level 2 spell: Poisonous Vapours
  1250 | D:2      | Reached XP level 3. HP: 25/25 MP: 6/6
  1688 | D:2      | Reached skill level 1 in Fighting
  1688 | D:2      | Reached XP level 4. HP: 32/32 MP: 1/7
  2251 | D:3      | Found Istrenoid's Antique Weapon Shop.
  2853 | D:3      | Found Patz's Magic Scroll Shoppe.
  2860 | D:3      | Found a faded altar of an unknown god.
  2878 | D:3      | Found a sparkling altar of Nemelex Xobeh.
  3058 | D:3      | Found Deozil's General Store.
  3211 | D:3      | Found Unuzxiev's Weapon Emporium.
  3255 | D:3      | Noticed a scorpion
  3256 | D:3      | Noticed Grinder
  3265 | D:3      | Killed a scorpion
  3266 | D:3      | Reached skill level 1 in Long Blades
  3266 | D:3      | Reached skill level 1 in Polearms
  3266 | D:3      | Reached XP level 5. HP: 30/37 MP: 3/8
  3665 | D:4      | Reached skill level 1 in Armour
  3665 | D:4      | Reached skill level 1 in Air Magic
  3771 | D:4      | Reached skill level 4 in Poison Magic
  3776 | D:4      | Reached XP level 6. HP: 4/43 MP: 7/9
  3789 | D:4      | Reached skill level 1 in Throwing
  4347 | D:4      | Noticed Pikel
  4486 | D:4      | Killed Pikel
  4487 | D:4      | Reached skill level 1 in Ranged Weapons
  4487 | D:4      | Reached XP level 7. HP: 52/52 MP: 2/11
  4598 | D:4      | Found a blossoming altar of Fedhas.
  4698 | D:4      | Found an iron altar of Okawaru.
  5005 | D:5      | Entered Level 5 of the Dungeon
  5077 | D:5      | Learned a level 3 spell: Mephitic Cloud
  5112 | D:5      | Reached skill level 5 in Poison Magic
  5338 | D:5      | Reached XP level 8. HP: 50/58 MP: 13/13
  5441 | D:5      | Noticed a wyvern
  5472 | D:5      | Killed a wyvern
  5473 | D:5      | Reached skill level 1 in Conjurations
  6447 | D:5      | Reached skill level 1 in Evocations
  7183 | D:6      | Learned a level 1 spell: Sandblast
  7188 | D:6      | Learned a level 4 spell: Olgreb's Toxic Radiance
  7270 | D:5      | Slain by a wight

Illustrated notes

Levels and vault maps discovered:
D:1:      tarquinn_simple_flora_water_d, layout_basic,
          minmay_misc_feat_more_columns, serial_bayou_crossing
D:2:      layout_loops_ring, nicolae_grassy_gnolls
D:3:      layout_basic, nemelex_xobeh_ov_fountains_minmay, serial_shops,
          nicolae_shop_bloodbath_and_beyond, nicolae_shop_overgrown_old_shop,
          nicolae_shop_behind_doors, nicolae_lakefront_shop, shop,
          basic_ecumenical_altar, minmay_puff, uniq_grinder
D:4:      layout_loops_ring, kennysheep_okawaru_gauntlet, fedhas_ov_isle_minmay,
          serial_bayou, serial_bayou_pond_b, serial_bayou_pond_b,
          serial_bayou_lagoon_a, serial_bayou_pond_e, serial_bayou_pond_d,
          serial_bayou_shore_a, chequers_serial_rivers_micro_a,
          wad_floor_pattern_untrapped, uniq_pikel
D:5:      layout_gridville, st_stairs_7, chequers_garden
D:6:      layout_basic, uniq_edmund

Skill      XL: |  1  2  3  4  5  6  7  8 |
---------------+-------------------------+-----
Dodging        | 3 4 |  4.0
Fighting       | 1 3 4 |  4.1
Transmutations | 2 3 |  3.0
Long Blades    | 1 2 |  2.0
Polearms       | 1 2 3 |  3.4
Armour         | 1 2 |  2.5
Air Magic      | 1 2 |  2.0
Stealth        | 3 |  3.0
Poison Magic   | 4 5 |  5.7
Throwing       | 1 |  1.0
Ranged Weapons | 1 |  1.0
Spellcasting   | 3 |  3.9
Conjurations   | 1 |  1.7
Evocations     | 1 |  1.3
Shields        | |  0.2

Action                   |  1- 3 |  4- 6 |  7- 9 || total
-------------------------+-------+-------+-------++-------
Melee: Whip              |    21 |       |       ||    21
       Dagger            |       |    40 |       ||    40
       Tailslap          |       |     1 |       ||     1
       Spear             |       |       |   100 ||   100
       Punch             |       |       |     1 ||     1
 Fire: Sling             |    27 |    98 |     7 ||   132
Throw: Stone             |     1 |       |       ||     1
       Boomerang         |       |       |     3 ||     3
       Javelin           |       |       |     2 ||     2
 Cast: Sting             |    38 |    37 |    25 ||   100
       Poisonous Vapours |     5 |    47 |    64 ||   116
Evoke: Wand              |       |       |     4 ||     4
  Use: Scroll            |       |     6 |     7 ||    13
       Potion            |       |     3 |       ||     3
Armor: Robe              |    12 |     7 |    15 ||    34
       Leather armour    |       |       |     5 ||     5
Dodge: Dodged            |    26 |    50 |    63 ||   139

Table legend: (Time is in decaauts)
 A = Elapsed time spent in this place.
 B = Non-inter-level travel time spent in this place.
 C = Inter-level travel time spent in this place.
 D = Time resting spent in this place.
 E = Time spent auto-exploring this place.
 F = Levels seen in this place.
 G = Mean time per level.
                   A        B        C        D        E       F      G
               +--------+--------+--------+--------+--------+-----+--------+
         Total |   7254 |   6920 |    334 |   1210 |   4072 |   6 | 1209.0 |
       Dungeon |   7254 |   6920 |    334 |   1210 |   4072 |   6 | 1209.0 |
               +--------+--------+--------+--------+--------+-----+--------+

Top non-repeatable levels by time:
     D:5: 1933 daAuts
     D:4: 1597 daAuts
     D:2: 1154 daAuts
     D:3: 1141 daAuts
     D:1: 1096 daAuts
     D:6: 330 daAuts
